Map: Pillars of Gold LE

Players

Petrus

  • Race: Protoss Protoss
  • League: Gold
  • Spawn Location: 7:00

Iceweaver - Winner!

  • Race: Zerg Zerg
  • League: Bronze
  • Spawn Location: 1:00

VOD

Have the link to the VOD?

Description

Time

  • Played on: June 17, 2020, 11:26 a.m.
  • Length: 7:22
Show
View Real Time Build Order
Export as new Build Order

Petrus Protoss 

Build Orders:  

Get SALT Encoding   

  12  0:01  Probe  
  13  0:13  Probe  
  14  0:23  Pylon  
  14  0:26  Probe  
  15  0:40  Probe  
  16  0:46  Gateway  
  16  0:48  Probe  
  16  0:54  Assimilator  
  16  0:56  Probe  
  17  0:59  Assimilator  
  18  1:07  Probe  
  19  1:17  Gateway  
  19  1:19  Probe  
  20  1:29  Probe  
  21  1:33  Pylon  
  21  1:39  Zealot  
  23  1:47  Probe  
  24  1:56  Cybernetics Core  
  24  1:59  Probe  
  25  2:05  Zealot  
  27  2:21  Forge  
  27  2:26  Pylon  
  27  2:35  Pylon  
  27  2:38  Pylon  
  27  2:39  Warp Gate  
  27  2:43  Zealot  
  29  2:54  Protoss Shields Level 1  
  29  3:07  Twilight Council  
  29  3:30  Nexus  
  29  3:32  Probe  
  29  3:40  Probe  
  30  3:43  Zealot  
  33  3:57  Probe  
  33  3:58  Pylon  
  34  4:08  Photon Cannon  
  34  4:15  Charge  
  34  4:17  Shield Battery  
  34  4:18  Stalker  
  36  4:29  Probe  
  32  4:41  Zealot  
  29  5:02  Zealot  
  29  5:03  Zealot  
  33  5:29  Zealot x2  
  29  5:51  Zealot  
  29  5:52  Zealot  
  30  6:11  Gateway  
  24  6:20  Zealot x2  
  22  6:41  Pylon  
  22  6:45  Nexus  
  22  6:52  Pylon  
  22  7:09  Zealot  
  22  7:12  Zealot  
Show
View Real Time Build Order
Export as new Build Order

Iceweaver Zerg - Winner!

Build Orders: Hatch First 

Get SALT Encoding   

  12  0:01  Drone  
  13  0:08  Drone  
  14  0:18  Overlord  
  14  0:45  Hatchery  
  14  0:46  Drone  
  14  0:51  Drone  
  15  0:57  Extractor  
  15  0:58  Drone  
  15  1:01  Drone  
  16  1:20  Spawning Pool  
  16  1:23  Drone  
  16  1:26  Drone  
  17  1:36  Drone  
  18  1:41  Drone  
  19  1:51  Overlord  
  19  1:58  Drone  
  20  2:06  Queen  
  22  2:10  Queen  
  24  2:18  Drone, Metabolic Boost  
  24  2:22  Drone x2  
  27  2:37  Drone x2  
  29  2:54  Hatchery  
  28  2:59  Drone  
  28  3:00  Drone x2  
  28  3:01  Drone x2  
  33  3:10  Baneling Nest  
  32  3:27  Zergling x2  
  32  3:28  Zergling x6  
  32  3:30  Overlord x3  
  36  3:45  Extractor  
  36  3:46  Drone  
  36  3:57  Zergling x22  
  47  4:16  Drone x2, Evolution Chamber  
  48  4:18  Queen, Evolution Chamber  
  48  4:19  Drone x2  
  46  4:59  Drone x3  
  48  5:02  Zerg Melee Weapons Level 1  
  48  5:03  Zerg Ground Armor Level 1  
  48  5:15  Lair  
  47  5:21  Hatchery  
  47  5:26  Zergling x6  
  47  5:27  Zergling x12  
  54  5:47  Zergling x2  
  54  5:48  Zergling x10  
  57  5:51  Drone x4  
  57  5:52  Drone  
  61  5:58  Zergling x6  
  61  6:29  Zergling x12  
  65  6:34  Overlord x2  
  65  6:41  Drone x3  
  65  6:46  Drone x2  
  65  6:47  Drone  
  71  6:52  Drone x2  
  71  6:54  Overlord x2  
Tags
 
Add a new tag
Caveats
  • Supply blocks, unpowered buildings, or Contaminate may cause inaccurate times.
  • Supply counts are checked every 10 seconds.